 Dungeon Crawl Stone Soup version 0.30-a0-778-g2ef04afb54 (webtiles) character file.

Game seed: 16233617980748432673

537 mopl the Slasher (level 7, -1/55 HPs)
             Began as a Merfolk Fighter on Feb 15, 2023.
             Was an Initiate of Okawaru.
             Succumbed to a scorpion's poison
             ... on level 5 of the Dungeon.
             The game lasted 00:04:13 (3610 turns).

mopl the Slasher (Merfolk Fighter)                  Turns: 3610, Time: 00:04:13

Health: -1/55      AC:  9    Str: 18    XL:     7   Next: 25%
Magic:  7/7        EV:  8    Int:  8    God:    Okawaru [......]
Gold:   330        SH:  4    Dex: 13    Spells: 6/6 levels left

rFire   . . .      SeeInvis .    a - +0 long sword
rCold   . . .      Faith    .    c - +0 buckler
rNeg    . . .      Spirit   .    d - +0 chain mail
rPois   .          Reflect  .    (no helmet)
rElec   .          Harm     .    (no cloak)
rCorr   .          Rampage  .    (no gloves)
Will    .....                    (no boots) Stlth
                                 (no amulet)
HPRegen 0.29/turn                (no ring)
MPRegen 0.10/turn                (no ring)

@: lethally poisoned (-1 -> -10), flying, hasted, very quick
A: (nimble swimmer 2), mertail
a: Renounce Religion


You were on level 5 of the Dungeon.
You worshipped Okawaru.
Okawaru was noncommittal.
You visited 2 branches of the dungeon, and saw 6 of its levels.

You collected 330 gold pieces.

Inventory:

Hand Weapons
 a - a +0 long sword (weapon)
Missiles
 j - 2 boomerangs (quivered)
 o - a throwing net
Armour
 c - a +0 buckler (worn)
 d - a +0 chain mail (worn)
Jewellery
 i - an amulet of the acrobat
Wands
 e - a wand of roots (8)
Scrolls
 b - a scroll of brand weapon {unknown}
 g - 3 scrolls of vulnerability
 h - a scroll of magic mapping {unknown}
 n - a scroll of immolation {unknown}
 r - a scroll of teleportation {unknown}
Potions
 f - a potion of heal wounds
 k - 2 potions of flight
 l - a potion of mutation {!q}
 p - a potion of attraction {unknown}
 q - a potion of curing {unknown}


   Skills:
 + Level 4.6 Fighting
 * Level 5.7 Long Blades
 + Level 2.6 Throwing
 + Level 3.1 Armour
 + Level 3.7 Dodging
 - Level 3.0 Shields
 + Level 0.1 Invocations
 + Level 0.3 Evocations


You had 6 spell levels left.
You didn't know any spells.
Your spell library contained the following spells:

 Spells                   Type           Power      Damage    Failure   Level
 Apportation              Tloc           0%         N/A       100%        1
 Alistair's Intoxication  Tmut/Pois      0%         N/A       100%        5


Dungeon Overview and Level Annotations

Branches:
Dungeon (5/15)             Temple (1/1) D:4

Altars:
Gozag
Hepliaklqana
Makhleb
Okawaru
Ru
Vehumet
Zin

Annotations:
D:5 Pikel


Innate Abilities, Weirdness & Mutations

((You are very nimble when in or above water. (Stealth+, EV+, Speed+++)))
Your lower body shifts to a powerful aquatic tail in water.


Message History

Roots grab the scorpion.
The grasping roots constrict the scorpion.
You feel very sick.
You hear a shout! x3; You hear a bark!
The scorpion barely misses you.
You hit the scorpion but do no damage.
The scorpion is moderately wounded.
The grasping roots constrict the scorpion!
You feel very sick.
The roots release their grip on the scorpion.
The scorpion stings you but does no damage. x2
You barely miss the scorpion.
The scorpion is severely wounded.
You feel sick. The scorpion stings you.
* * * LOW HITPOINT WARNING * * *
You are lethally poisoned!
The scorpion poisons you!
You hit the scorpion.
The scorpion is almost dead.
* * * LOW HITPOINT WARNING * * *
You feel very sick. You block the scorpion's attack.
A lemure comes into view.
The scorpion stings you but does no damage.
It was a potion of flight.
You feel very buoyant.
You fly up into the air.
* * * LOW HITPOINT WARNING * * *
You feel very sick.
The lemure shouts!
The scorpion closely misses you.
Pikel, Merchant of Souls comes into view.
He is wielding a +2 whip of electrocution.
* * * LOW HITPOINT WARNING * * *
You feel sick.
Pikel shouts!
A hound comes into view.
Pikel says, "I touched Geryon's horn once."
Pikel moves out of view.
It was a potion of haste.
You feel yourself speed up.
You die...

......... ........#
#......# # ......#.# ..
#....#. ... .....
#...##.†# #....s#
##########
.5.##..@#######.........
.....##.........########
........#########
h####.### #. #


You could see a scorpion and a hound (wandering).

Vanquished Creatures
  Sigmund (D:2)
  A jelly (D:4)
  A hound (D:4)
  A gnoll bouda (D:4)
  Ijyb (D:4)
  2 iguanas (D:4)
  Terence (D:2)
  8 gnolls
  4 adders
  A worm (D:5)
  4 dart slugs
  2 orcs
  5 ball pythons
  6 endoplasms
  4 giant cockroaches
  4 goblins
  7 hobgoblins
  8 jackals
  3 kobolds
  A quokka (D:4)
  5 bats
  A frilled lizard (D:2)
  2 rats (D:2)
73 creatures vanquished.

Notes
Turn   | Place    | Note
-------+----------+-------------------------------------------
     0 | D:1      | mopl the Merfolk Fighter began the quest for the Orb.
     0 | D:1      | Reached XP level 1. HP: 18/18 MP: 1/1
   197 | D:1      | Reached XP level 2. HP: 21/24 MP: 2/2
   818 | D:2      | Reached skill level 3 in Long Blades
   861 | D:2      | Noticed Sigmund
   862 | D:2      | Noticed Terence
   871 | D:2      | Killed Sigmund
   872 | D:2      | Reached skill level 4 in Fighting
   872 | D:2      | Reached skill level 4 in Long Blades
   872 | D:2      | Reached skill level 1 in Throwing
   872 | D:2      | Reached skill level 2 in Dodging
   872 | D:2      | Reached XP level 3. HP: 19/30 MP: 3/3
   872 | D:2      | Reached XP level 4. HP: 24/37 MP: 4/4
   872 | D:2      | Reached XP level 5. HP: 27/42 MP: 5/5
   876 | D:2      | Killed Terence
  1671 | D:3      | Reached XP level 6. HP: 44/48 MP: 6/6
  1709 | D:3      | Reached skill level 2 in Throwing
  2239 | D:4      | Reached skill level 3 in Dodging
  2381 | D:4      | Noticed Ijyb
  2397 | D:4      | Reached skill level 5 in Long Blades
  2405 | D:4      | Killed Ijyb
  2406 | D:4      | Reached skill level 3 in Armour
  2984 | D:3      | Reached XP level 7. HP: 44/55 MP: 7/7
  3148 | D:4      | Found a staircase to the Ecumenical Temple.
  3172 | Temple   | Entered the Ecumenical Temple
  3198 | Temple   | Became a worshipper of Warmaster Okawaru
  3534 | D:5      | Entered Level 5 of the Dungeon
  3609 | D:5      | Noticed Pikel
  3609 | D:5      | HP: 2/55 [poisoned by a scorpion]
  3610 | D:5      | Succumbed to a scorpion's poison

Illustrated notes

Levels and vault maps discovered:
D:1:      minmay_arrival_four_circles, layout_basic, serial_corexii_hall,
          corexii_hall_statues_l, corexii_hall_statues_x,
          amcnicky_mini_rare_corridor_liquid, minmay_misc_feat_rugged
D:2:      layout_loops_ring, uniq_sigmund, uniq_terence
D:3:      layout_loops_ring, minmay_misc_feat_iff
D:4:      layout_loops_ring, minmay_temple_entry_mist, uniq_ijyb
D:5:      layout_loops_ring, kennysheep_mini, chei_slow_surprise,
          grunt_temple_overflow_cloverleaf, hangedman_decor_peaks_small,
          hangedman_decor_clover_reticule, uniq_pikel, uniq_crazy_yiuf_cottage
Temple:   dshaligram_water_room_temple

Skill      XL: |  1  2  3  4  5  6 |
---------------+-------------------+-----
Long Blades    | 4 5 |  5.7
Fighting       | 4 |  4.6
Throwing       | 1 2 |  2.6
Dodging        | 2 3 |  3.7
Armour         | 3 |  3.1
Shields        | |  3.0
Invocations    | |  0.1
Evocations     | |  0.3

Action                     |  1- 3 |  4- 6 |  7- 9 || total
---------------------------+-------+-------+-------++-------
  Melee: Long sword        |    34 |   200 |    51 ||   285
  Evoke: Wand              |       |       |     1 ||     1
    Use: Potion            |     1 |     1 |     2 ||     4
         Scroll            |       |     4 |       ||     4
 Armour: Scale mail        |    11 |     1 |       ||    12
         Chain mail        |       |   138 |    21 ||   159
  Dodge: Dodged            |    17 |   101 |    14 ||   132
  Block: Buckler           |     3 |    42 |    10 ||    55

Table legend: (Time is in decaauts)
 A = Elapsed time spent in this place.
 B = Non-inter-level travel time spent in this place.
 C = Inter-level travel time spent in this place.
 D = Time resting spent in this place.
 E = Time spent auto-exploring this place.
 F = Levels seen in this place.
 G = Mean time per level.
                   A        B        C        D        E       F      G
               +--------+--------+--------+--------+--------+-----+--------+
         Total |   3675 |   3590 |     85 |    557 |   2344 |   6 |  612.5 |
       Dungeon |   3632 |   3563 |     69 |    557 |   2344 |   5 |  726.4 |
        Temple |     42 |     26 |     16 |      0 |      0 |   1 |   42.0 |
               +--------+--------+--------+--------+--------+-----+--------+

Top non-repeatable levels by time:
     D:3: 1170 daAuts
     D:4: 886 daAuts
     D:1: 786 daAuts
     D:2: 712 daAuts
     D:5: 77 daAuts
  Temple: 42 daAuts
